 Dungeon Crawl Stone Soup version 0.23-a0-636-g0ff6057 (webtiles) character file.

19545 Gorice the Cleaver (level 12, -9/89 HPs)
             Began as a Demonspawn Wanderer on Dec 27, 2018.
             Was a High Priest of Makhleb.
             Mangled by Rupert
             ... wielding a +3 battleaxe of chopping
              (13 damage)
             ... on level 3 of the Lair of Beasts on Dec 28, 2018.
             The game lasted 01:01:24 (14736 turns).

Gorice the Cleaver (Demonspawn Wanderer)           Turns: 14736, Time: 01:01:26

Health: -9/89      AC: 24    Str: 16    XL:     12   Next: 37%
Magic:  12/12      EV:  6    Int: 15    God:    Makhleb [*****.]
Gold:   659        SH:  0    Dex: 13    Spells: 11/11 levels left

rFire    . . .     SeeInvis .   a - +3 broad axe (chop)
rCold    . . .     Gourm    .   (no shield)
rNeg     . . .     Faith    .   D - +0 plate armour
rPois    +         Spirit   .   (helmet restricted)
rElec    .         Reflect  .   (no cloak)
rCorr    .         Harm     .   (no gloves)
MR       .....                  (no boots)
Stlth    ..........             (no amulet)
HPRegen  0.24/turn              p - ring of poison resistance
MPRegen  0.13/turn              P - +6 ring of protection

@: no status effects
A: horns 2, slimy green scales 2, powered by pain 2, spiny 2
a: Minor Destruction, Lesser Servant of Makhleb, Major Destruction, Greater
Servant of Makhleb, Renounce Religion


You were on level 3 of the Lair of Beasts.
You worshipped Makhleb.
Makhleb was extremely pleased with you.
You were not hungry.

You visited 3 branches of the dungeon, and saw 16 of its levels.

You collected 740 gold pieces.
You spent 81 gold pieces at shops.

Inventory:

Hand Weapons
 a - a +3 broad axe of chopping (weapon)
   (You took it off Urug on level 2 of the Lair of Beasts)
 h - a +2 hand axe of flaming
   (You took it off an orc on level 11 of the Dungeon)
 o - a +0 war axe of chopping
   (You took it off an orc on level 2 of the Dungeon)
Missiles
 k - 7 javelins
 w - 11 tomahawks (quivered)
 Y - 512 stones
Armour
 x - a +0 chain mail of cold resistance
   (You found it on level 7 of the Dungeon)
 D - a +0 plate armour (worn)
Jewellery
 m - an uncursed ring of protection from magic
 p - a ring of poison resistance (left hand)
 E - an uncursed ring of positive energy
 I - an uncursed ring of ice
 P - a +6 ring of protection (right hand)
Wands
 b - a wand of polymorph (4)
 i - a wand of scattershot (1)
 H - a wand of iceblast (6)
Scrolls
 e - 3 scrolls of remove curse
 f - a scroll of enchant armour
 j - 3 scrolls of teleportation {!r}
 r - 4 scrolls of fog
 y - 4 scrolls of identify
Potions
 c - a potion of magic {!q}
 l - a potion of might {!q}
 n - 2 potions of resistance {!q}
 s - 3 potions of haste {!q}
 t - a potion of flight
 u - 2 potions of agility {!q}
 F - a potion of lignification {!q}
 K - a potion of cancellation {!q}
Comestibles
 d - 18 rations


   Skills:
 + Level 6.4 Fighting
 + Level 14.2 Axes
 + Level 11.2 Armour
 - Level 1.0 Stealth
   Level 1.0 Shields


You had 11 spell levels left.
You didn't know any spells.
Your spell library contained the following spells:

 Spells                   Type           Power        Failure   Level  Hunger
 Confusing Touch          Hex            #.....       100%        1    ##.....
 Infusion                 Chrm           #...         100%        1    ##.....
 Summon Small Mammal      Summ           #...         100%        1    ##.....
 Call Imp                 Summ           #.......     100%        2    ###....
 Shroud of Golubria       Chrm/Tloc      #.........   100%        2    ###....
 Song of Slaying          Chrm           #.......     100%        2    ###....
 Call Canine Familiar     Summ           #.......     100%        3    ####...
 Confuse                  Hex            #.......     100%        3    ####...
 Gell's Gravitas          Tloc           #.........   100%        3    ####...
 Regeneration             Chrm/Necr      #.........   100%        3    ####...
 Spectral Weapon          Hex/Chrm       #.......     100%        3    ####...
 Summon Guardian Golem    Hex/Summ       #.......     100%        3    ####...
 Petrify                  Tmut/Erth      #.......     100%        4    #####..
 Summon Ice Beast         Ice/Summ       #.......     100%        4    #####..
 Summon Lightning Spire   Summ/Air       #.......     100%        4    #####..
 Metabolic Englaciation   Hex/Ice        #.........   100%        5    ######.
 Yara's Violent Unravell  Hex/Tmut       #.........   100%        5    ######.


Dungeon Overview and Level Annotations

Branches:
Dungeon (12/15)            Temple (1/1) D:6            Lair (3/6) D:10
 Shoals (0/4) Lair:2        Snake (0/4) Lair:2          Orc (0/2) D:10

Altars:
Ashenzari
Cheibriados
Dithmenos
Elyvilon
Fedhas
Gozag
Hepliaklqana
Kikubaaqudgha
Makhleb
Nemelex Xobeh
Okawaru
Qazlal
Ru
Sif Muna
Trog
Uskayaw
Vehumet
Wu Jian
Xom
Yredelemnul
Zin
The Shining One
Beogh

Shops:
D:4 =   D:5 *   D:7 !   D:11 (

Annotations:
D:7 3 runed doors, George's ghost, novice TrMo
D:11 pUX: shaft passthru
D:12 pUX: shafted here
Lair:2 exclusion: oklob plant
Lair:3 Rupert


Innate Abilities, Weirdness & Mutations

You have a pair of horns on your head.
You are mostly covered in slimy green scales. (AC +3)
You sometimes gain power by taking damage.
You are mostly covered in sharp spines.


Message History

Search for what [Enter for "boot", or ? for help]? hat Rupert the Wild comes into view.
He is wielding a +3 battleaxe of chopping and Rupert shouts!
Things that are here:
a ring mail; a blowgun Unknown command.
Evoke which item? (* to show all) (? for menu, Esc to quit)
Okay, then.
Fire/throw which item? (* to show all) (? for menu, Esc to quit)
Okay, then.
Evoke which item? (* to show all) (? for menu, Esc to quit)
Aiming: Polymorph
Press: ? - help, Shift-Dir - straight line, f - Rupert
Aim: Rupert, wielding a +3 battleaxe of chopping and wearing a +2 ring mail of
Okay, then.
Evoke which item? (* to show all) (? for menu, Esc to quit)
Aiming: Scattershot
Press: ? - help, Shift-Dir - straight line, f - Rupert
Aim: Rupert, wielding a +3 battleaxe of chopping and wearing a +2 ring mail of The burst of metal fragments hits Rupert. x3
Rupert is lightly wounded.
Evoke which item? (* to show all) (? for menu, Esc to quit)
Aiming: Iceblast
Press: ? - help, Shift-Dir - straight line, f/p - Rupert
Aim: Rupert, wielding a +3 battleaxe of chopping and wearing a +2 ring mail of The mass of ice explodes!
The iceblast engulfs Rupert.
Rupert is lightly wounded.
Evoke which item? (* to show all) (? for menu, Esc to quit)
Aiming: Scattershot
Press: ? - help, Shift-Dir - straight line, f/p - Rupert
Aim: Rupert, wielding a +3 battleaxe of chopping and wearing a +2 ring mail of The burst of metal fragments hits Rupert. x3
Rupert is moderately wounded.
Rupert roars madly and goes into a rage!
Rupert goes berserk!
A demon appears!
Damage: 4 (max 4)
A demon appears!
It doesn't seem very happy.
Rupert is struck by your spines.
Rupert hits you with a +3 battleaxe of chopping!!
* * * LOW HITPOINT WARNING * * *
Your neqoxec gestures.
Rupert hits you with a +3 battleaxe of chopping!!!
* * * LOW HITPOINT WARNING * * *
You die...

##. ... P.. ..# .. #.#
.... ... ##.#####...##.
#...##..#.#.....#..
.......4..........#
......@@.........P######
........[...............
........53..............
........................
........................
....#...............#..#
......#..#.......#######
....##...##....†.# ..
#...#P......##


You could see Rupert (berserk), an orange demon, a friendly neqoxec and a
friendly iron imp.

Vanquished Creatures
  Erica (D:8)
  Urug (Lair:2)
  An ugly thing (D:11)
  A black mamba (Lair:1)
  A merfolk siren (Lair:2)
  A torpor snail (Lair:2)
  A gargoyle (D:11)
  10 spiny frogs
  A rime drake (Lair:3)
  A komodo dragon (Lair:1)
  3 kobold demonologists (D:11)
  4 trolls (D:11)
  A hornet (D:8)
  Prince Ribbit (D:9)
  9 hippogriffs
  14 yaks
  A wraith (D:12)
  A wyvern (D:11)
  A basilisk (Lair:2)
  3 nagas (Lair:2)
  6 water moccasins
  4 ice beasts
  7 porcupines
  5 orc warriors
  3 sky beasts
  3 black bears (D:10)
  A phantom (D:5)
  A necrophage (D:10)
  4 ogres
  7 centaurs
  4 crocodiles
  3 big kobolds
  7 bullfrogs
  A scorpion (D:8)
  A killer bee (D:9)
  A howler monkey (D:5)
  2 jellies (D:9)
  A bullfrog zombie (D:5)
  9 crimson imps
  A quasit (D:9)
  2 centaur skeletons
  11 orc priests
  3 hounds
  14 orc wizards
  2 bullfrog skeletons
  3 iguanas
  9 worker ants
  2 hound skeletons
  A worker ant zombie (D:9)
  8 gnolls
  12 adders
  4 shadow imps
  2 oozes
  2 worms
  2 dart slugs
  3 leopard geckos
  49 orcs
  6 giant cockroaches
  9 goblins
  7 hobgoblins
  7 jackals
  6 quokkas
  3 ball pythons
  9 bats
  2 frilled lizards
  A jackal skeleton (D:4)
  10 kobolds
  A leopard gecko skeleton (D:7)
  7 rats
325 creatures vanquished.

Vanquished Creatures (others)
  15 plants
15 creatures vanquished.

Grand Total: 340 creatures vanquished

Notes
Turn   | Place    | Note
-------+----------+-------------------------------------------
     0 | D:1      | Gorice the Demonspawn Wanderer began the quest for the Orb.
     0 | D:1      | Gorice set off with the following items: a +2 scale mail, a
                  | +0 hand axe, a potion of curing, a ration
     0 | D:1      | Reached XP level 1. HP: 18/18 MP: 1/1
    66 | D:1      | Reached skill level 2 in Axes
   192 | D:1      | Gained mutation: You are partially covered in slimy green
                  | scales. (AC +2) [demonic ancestry]
   192 | D:1      | Reached XP level 2. HP: 22/24 MP: 2/2
   777 | D:2      | Reached skill level 3 in Armour
   794 | D:2      | Found a glowing golden altar of the Shining One.
  1170 | D:2      | Gained mutation: You have a pair of small horns on your
                  | head. [demonic ancestry]
  1170 | D:2      | Reached XP level 3. HP: 27/29 MP: 3/3
  1265 | D:2      | Reached skill level 3 in Axes
  1873 | D:3      | Found a stormy altar of Qazlal.
  1893 | D:3      | Found a radiant altar of Vehumet.
  1894 | D:3      | Found a shadowy altar of Dithmenos.
  1970 | D:2      | HP: 4/29 [orc priest/divine providence (9)]
  1975 | D:2      | Gained mutation: You are partially covered in sharp spines.
                  | [demonic ancestry]
  1975 | D:2      | Reached XP level 4. HP: 10/35 MP: 4/4
  2375 | D:3      | Reached skill level 4 in Axes
  2761 | D:3      | Gained mutation: You have a pair of horns on your head.
                  | [demonic ancestry]
  2761 | D:3      | Reached XP level 5. HP: 41/41 MP: 5/5
  3156 | D:4      | Found Udagegh's Jewellery Shoppe.
  3166 | D:4      | Reached skill level 4 in Armour
  3462 | D:5      | Entered Level 5 of the Dungeon
  3493 | D:5      | Noticed a centaur
  3500 | D:5      | HP: 11/41 [shadow imp/nerve-wracking pain (10)]
  3735 | D:4      | Gained mutation: You are mostly covered in sharp spines.
                  | [demonic ancestry]
  3735 | D:4      | Reached XP level 6. HP: 41/47 MP: 6/6
  3782 | D:4      | Reached skill level 5 in Axes
  4196 | D:4      | Reached XP level 7. HP: 22/52 MP: 7/7
  4382 | D:5      | Reached skill level 6 in Axes
  4615 | D:5      | Found Vimeos's Assorted Antiques.
  4620 | D:5      | Bought a viscous black potion for 16 gold pieces
  4635 | D:5      | Reached skill level 5 in Armour
  4837 | D:5      | HP: 15/52 [ogre/+0 giant club (11)]
  4838 | D:5      | Reached skill level 7 in Axes
  5085 | D:5      | Reached XP level 8. HP: 44/58 MP: 8/8
  5111 | D:5      | Found a deep blue altar of Sif Muna.
  5652 | D:6      | Found a staircase to the Ecumenical Temple.
  5661 | Temple   | Entered the Ecumenical Temple
  5725 | Temple   | Became a worshipper of Makhleb the Destroyer
  5761 | D:6      | Found a snail-covered altar of Cheibriados.
  5761 | D:6      | Found an opulent altar of Gozag.
  5767 | D:6      | Reached skill level 6 in Armour
  5789 | D:6      | Found a faded altar of an unknown god.
  5791 | D:6      | Found an iron altar of Okawaru.
  5792 | D:6      | Found an ornate altar of the Wu Jian Council.
  5828 | D:6      | Reached skill level 8 in Axes
  6118 | D:6      | Upgraded the game from 0.23-a0-635-g88ca12a to
                  | 0.23-a0-636-g0ff6057
  6155 | D:7      | Found Qeredghor's Distillery.
  6160 | D:7      | Bought a potion of heal wounds for 65 gold pieces
  6650 | D:6      | HP: 13/58 [orc warrior/+0 flail (8)]
  6653 | D:6      | Reached skill level 9 in Axes
  6653 | D:6      | Gained mutation: You are mostly covered in slimy green
                  | scales. (AC +3) [demonic ancestry]
  6653 | D:6      | Reached XP level 9. HP: 15/63 MP: 9/9
  7086 | D:7      | Reached skill level 7 in Armour
  7149 | D:7      | Reached * piety under Makhleb
  7458 | D:7      | Found a runed gate.
  7459 | D:7      | Found a runed gate.
  7459 | D:7      | Noticed George's ghost (novice TrMo)
  7460 | D:7      | Found a roughly hewn altar of Beogh.
  7460 | D:7      | Found a runed gate.
  7461 | D:7      | Found the +2 cloak of the Thief {+Fog Slay-2 SInv Stlth+}
  7461 | D:7      | Identified the +14 plate armour of Autumn {Slay+2}
  7824 | D:8      | Found a stormy altar of Qazlal.
  7832 | D:8      | Found a blossoming altar of Fedhas.
  7916 | D:8      | HP: 15/63 [orc priest/divine providence (15)]
  7917 | D:8      | HP: 4/63 [orc priest/divine providence (10)]
  8251 | D:8      | Reached skill level 10 in Axes
  8480 | D:8      | Noticed Erica
  8495 | D:8      | Killed Erica
  8495 | D:8      | Reached skill level 8 in Armour
  8632 | D:9      | Found a flagged portal.
  8704 | D:9      | Reached ** piety under Makhleb
  8879 | D:9      | Gained mutation: You sometimes gain a little power by
                  | taking damage. [demonic ancestry]
  8879 | D:9      | Reached XP level 10. HP: 64/70 MP: 10/10
  8992 | D:9      | Noticed Prince Ribbit
  9002 | D:9      | Killed Prince Ribbit
  9002 | D:9      | Reached skill level 11 in Axes
  9475 | D:9      | Found a hide-covered altar of Uskayaw.
  9475 | D:9      | Found a shattered altar of Ashenzari.
  9516 | D:10     | Entered Level 10 of the Dungeon
  9551 | D:9      | HP: 13/70 [orc warrior/+4 short sword (11)]
  9559 | D:9      | HP: 18/70 [poisoned by a water moccasin]
  9566 | D:9      | HP: 18/70 [poisoned by a water moccasin]
  9946 | D:10     | Reached *** piety under Makhleb
  9961 | D:10     | Found a staircase to the Lair.
 10037 | D:10     | You fall through a shaft for 2 floors!
 10147 | D:11     | Reached skill level 12 in Axes
 10147 | D:11     | Reached skill level 9 in Armour
 10201 | D:11     | Noticed a gargoyle
 10216 | D:11     | HP: 19/70 [gargoyle/stone arrow (17)]
 10223 | D:11     | HP: 15/70 [gargoyle/stone arrow (15)]
 10224 | D:11     | Killed a gargoyle
 10341 | D:11     | Noticed a white ugly thing
 10348 | D:11     | Noticed a seven-headed hydra
 10358 | D:11     | Noticed a soul eater
 10358 | D:11     | HP: 21/70 [soul eater/drain life[a kobold demonologist]
                  | (5)]
 10361 | D:11     | Found Juinloin's Weapon Shop.
 10703 | D:11     | Reached XP level 11. HP: 75/75 MP: 11/11
 10862 | D:11     | Killed a white ugly thing
 11231 | D:10     | Reached **** piety under Makhleb
 11269 | D:10     | Reached skill level 13 in Axes
 11361 | D:10     | Found a staircase to the Orcish Mines.
 11795 | D:10     | Found a roughly hewn altar of Beogh.
 11981 | Lair:1   | Entered Level 1 of the Lair of Beasts
 12016 | Lair:1   | Reached skill level 10 in Armour
 12669 | Lair:1   | Reached skill level 4 in Fighting
 13280 | Lair:2   | Found a staircase to the Shoals.
 13404 | Lair:2   | Reached ***** piety under Makhleb
 13404 | Lair:2   | Reached skill level 5 in Fighting
 13404 | Lair:2   | Gained mutation: You sometimes gain power by taking damage.
                  | [demonic ancestry]
 13404 | Lair:2   | Reached XP level 12. HP: 86/86 MP: 12/12
 13414 | Lair:2   | Found a staircase to the Snake Pit.
 14118 | Lair:2   | Reached skill level 14 in Axes
 14118 | Lair:2   | Reached skill level 11 in Armour
 14175 | Lair:2   | Noticed Urug
 14202 | Lair:2   | Killed Urug
 14424 | Lair:2   | Reached skill level 6 in Fighting
 14730 | Lair:3   | Noticed Rupert
 14736 | Lair:3   | HP: 4/89 [Rupert/+3 battleaxe of chopping (37)]
 14736 | Lair:3   | Mangled by Rupert

Vault maps used:
D:1:      dpeg_arrival_line_fractal
D:2:      lemuel_crystal_altar
D:3:      chequers_temple_overflow_statue_of_worship, first_ration,
          serial_rivers, chequers_serial_rivers_micro_b,
          chequers_serial_rivers_room_b, chequers_serial_rivers_micro_b,
          chequers_serial_rivers_micro_d, chequers_serial_rivers_small_b,
          chequers_serial_rivers_micro_c, minivault_5, grunt_qazlal_sundering
D:4:      serial_shops, shop
D:5:      kennysheep_big_flooded_room, kennysheep_mini_moat, serial_shops,
          nicolae_shop_crystal
D:6:      chequers_temple_overflow_minitemple, minmay_temple_entry_mist
D:7:      biasface_ghost_orc_armoury, serial_shops, nicolae_shop_stone
D:8:      grunt_temple_overflow_forces_of_nature, uniq_erica
D:9:      gammafunk_temple_overflow_pools, lightli_bailey_entry_fortress,
          uniq_prince_ribbit1
D:10:     due_lair_maze_entry_diamond, minmay_orc_entry_temple_small
D:11:     minmay_blocky_corners, serial_shops, shop, serial_bayou_lagoon_a,
          the_bakery
D:12:     gammafunk_ghost_cemetery
Temple:   zaba_magenta_temple
Lair:1:   grunt_megastairs_2
Lair:2:   minmay_shoals_entry_lonely_mermaid, guppyfry_snake_entry_island,
          chequers_serial_rivers_marsh, serial_bayou_shore_b,
          serial_bayou_shore_a, lemuel_fruit_fields, minmay_lair_oklob_chamber,
          infiniplex_staircase_pool_2, uniq_urug
Lair:3:   st_stairs_3, uniq_rupert, uniq_sonja

Skill      XL: |  1  2  3  4  5  6  7  8  9 10 11 12 |
---------------+-------------------------------------+-----
Axes           | 2 3 4 5 7 9 10 12 13 14 | 14.2
Armour         | 3 4 5 6 8 9 10 11 | 11.2
Fighting       | 5 6 |  6.4
Stealth        | |  1.0
Shields        | |  1.0

Action                   |  1- 3 |  4- 6 |  7- 9 | 10-12 || total
-------------------------+-------+-------+-------+-------++-------
Melee: Hand axe          |   158 |   117 |   326 |       ||   601
       Headbutt          |    13 |    18 |    66 |    92 ||   189
       War axe           |       |       |    47 |   481 ||   528
       Broad axe         |       |       |       |    36 ||    36
 Fire: Hand crossbow     |       |       |       |    10 ||    10
Throw: Tomahawk          |       |     8 |    15 |    30 ||    53
Invok: Lesser Servant of |       |       |       |     2 ||     2
Evoke: Wand              |       |       |     1 |     4 ||     5
  Use: Scroll            |     5 |     7 |     8 |     6 ||    26
       Potion            |     1 |       |     1 |     1 ||     3
  Eat: Chunk             |     3 |     8 |    15 |    19 ||    45
Armor: Scale mail        |    84 |    62 |   159 |   259 ||   564
       Plate armour      |       |       |       |    84 ||    84
Dodge: Dodged            |    66 |    51 |   129 |   206 ||   452

Table legend:
 A = Non-vault XP
 B = Vault XP
 C = Vault XP percentage of total XP
 D = Non-vault monster count
 E = Vault monster count
 F = Vault count percentage of total count
                 A         B        C        D         E       F
            +---------+---------+-------+---------+---------+-------
      Total |   22263 |    5659 |  20.3 |     281 |      44 |  13.5
            +---------+---------+-------+---------+---------+-------
        D:1 |      20 |       0 |   0.0 |      14 |       0 |   0.0
        D:2 |     128 |       0 |   0.0 |      18 |       0 |   0.0
        D:3 |      85 |       0 |   0.0 |      20 |       0 |   0.0
        D:4 |     395 |     148 |  27.3 |      18 |       2 |  10.0
        D:5 |     830 |       0 |   0.0 |      22 |       0 |   0.0
        D:6 |     812 |       0 |   0.0 |      15 |       0 |   0.0
        D:7 |    1139 |       0 |   0.0 |      33 |       0 |   0.0
        D:8 |     631 |     944 |  59.9 |      12 |       1 |   7.7
        D:9 |    1433 |     748 |  34.3 |      33 |      17 |  34.0
       D:10 |    1407 |    1212 |  46.3 |      16 |      17 |  51.5
       D:11 |    4320 |       0 |   0.0 |      35 |       0 |   0.0
       D:12 |     205 |       0 |   0.0 |       1 |       0 |   0.0
     Lair:1 |    5015 |     830 |  14.2 |      22 |       2 |   8.3
     Lair:2 |    5046 |    1777 |  26.0 |      20 |       5 |  20.0
     Lair:3 |     797 |       0 |   0.0 |       2 |       0 |   0.0
            +---------+---------+-------+---------+---------+-------

Table legend:
 A = Turns spent in this place as a percentage of turns spent in the entire game.
 B = Non-inter-level travel turns spent in this place as a percentage of non-inter-level travel turns spent in the entire game.
 C = Inter-level travel turns spent in this place as a percentage of turns spent in this place.
 D = Turns resting spent in this place as a percentage of non-inter-level travel turns spent in this place.
 E = Turns spent auto-exploring this place as a percentage of non-inter-level travel turns spent in this place.
 F = Non-inter-level travel turns spent in this place divided by the number of levels of this place that you've seen.
                   A       B       C       D       E      F
               +-------+-------+-------+-------+-------+----------------------
         Total | 100.0 | 100.0 |   2.6 |  27.3 |  40.9 | 897.0
       Dungeon |  80.8 |  80.7 |   2.6 |  28.4 |  39.9 | 965.6
        Temple |   0.5 |   0.5 |  17.5 |   0.0 |   0.0 |  66.0
          Lair |  18.7 |  18.8 |   2.0 |  23.5 |  46.2 | 899.7
               +-------+-------+-------+-------+-------+----------------------

Vault maps used:
D:1:      dpeg_arrival_line_fractal
D:2:      lemuel_crystal_altar
D:3:      chequers_temple_overflow_statue_of_worship, first_ration,
          serial_rivers, chequers_serial_rivers_micro_b,
          chequers_serial_rivers_room_b, chequers_serial_rivers_micro_b,
          chequers_serial_rivers_micro_d, chequers_serial_rivers_small_b,
          chequers_serial_rivers_micro_c, minivault_5, grunt_qazlal_sundering
D:4:      serial_shops, shop
D:5:      kennysheep_big_flooded_room, kennysheep_mini_moat, serial_shops,
          nicolae_shop_crystal
D:6:      chequers_temple_overflow_minitemple, minmay_temple_entry_mist
D:7:      biasface_ghost_orc_armoury, serial_shops, nicolae_shop_stone
D:8:      grunt_temple_overflow_forces_of_nature, uniq_erica
D:9:      gammafunk_temple_overflow_pools, lightli_bailey_entry_fortress,
          uniq_prince_ribbit1
D:10:     due_lair_maze_entry_diamond, minmay_orc_entry_temple_small
D:11:     minmay_blocky_corners, serial_shops, shop, serial_bayou_lagoon_a,
          the_bakery
D:12:     gammafunk_ghost_cemetery
Temple:   zaba_magenta_temple
Lair:1:   grunt_megastairs_2
Lair:2:   minmay_shoals_entry_lonely_mermaid, guppyfry_snake_entry_island,
          chequers_serial_rivers_marsh, serial_bayou_shore_b,
          serial_bayou_shore_a, lemuel_fruit_fields, minmay_lair_oklob_chamber,
          infiniplex_staircase_pool_2, uniq_urug
Lair:3:   st_stairs_3, uniq_rupert, uniq_sonja
